[Event "Titled Tuesday Blitz April 26 Early 2022"]
[White "Salimova, Nurgyul"]
[Black "Elgersma, Onno"]
[WhiteFideId "2915138"]
[BlackFideId "1053531"]
[WhiteElo "2185"]
[BlackElo "2304"]
[Result "1-0"]
[Round "07"]
[TimeControl "180+1"]
[Date "2022.04.26"]
[WhiteClock "0:00:04"]
[BlackClock "0:00:03"]

1. d4 Nf6 2. Nc3 d5 3. Bf4 e6 4. Nb5 Na6 5. e3 Be7 6. Nf3 O-O 7. Ne5 c5 8. Be2 Bd7 9. a4 Ne8 10. O-O Bc6 11. c3 f6 12. Nxc6 bxc6 13. Na3 Nb8 14. Nc2 Nd7 15. Bg4 f5 16. Bh5 g5 17. Be5 Nxe5 18. dxe5 Ng7 19. Be2 Rb8 20. Rb1 g4 21. b4 Qc7 22. bxc5 Qxe5 23. Rxb8 Rxb8 24. Nd4 Qc7 25. e4 dxe4 26. Bc4 Bxc5 27. Nxe6 Nxe6 28. Bxe6+ Kh8 29. Bxf5 g3 30. hxg3 Qxg3 31. Bxe4 Rf8 32. Bf3 Qf4 33. Re1 Bd6 34. Re4 Qf6 35. Qd4 Qxd4 36. Rxd4 Be5 37. Rc4 Rc8 38. Bxc6 Kg7 39. g3 Bf6 40. Kg2 h5 41. a5 Rc7 42. a6 Kh6 43. Kf3 Bg7 44. Rc5 Bf6 45. Ke4 h4 46. gxh4 Bxh4 47. f3 Bf6 48. Kd5 Kg7 49. Rc4 Rc8 50. Bb7 Rd8+ 51. Ke4 Re8+ 52. Kf5 Re5+ 53. Kf4 Re7 54. Be4 Be5+ 55. Kg4 Bf6 56. Rc6 Be5 57. c4 Bf6 58. c5 Bd4 59. Rg6+ Kf7 60. Rc6 Re5 61. Rc7+ Kf6 62. c6 Rg5+ 63. Kh3 Ke5 64. Re7+ Kf4 65. Rf7+ Ke3 66. c7 Be5 67. c8=Q Kf2 68. Qc2+ Ke3 69. Qd3+ Kf2 70. Qd2+ Kf1 71. Qxg5 1-0


[Site "https://www.chess.com"]

[Event "Titled Tuesday Blitz April 26 Early 2022"]
[White "Samaganova, Aleksandra"]
[Black "Palacio,Igor Da Paz"]
[WhiteFideId "13800221"]
[BlackFideId "2121140"]
[WhiteElo "1859"]
[BlackElo "2144"]
[Result "0-1"]
[Round "07"]
[TimeControl "180+1"]
[Date "2022.04.26"]
[WhiteClock "0:02:12"]
[BlackClock "0:01:36"]

1. c4 Nf6 2. Nc3 g6 3. g3 Bg7 4. Bg2 O-O 5. d4 d6 6. e4 c5 7. Nge2 Nc6 8. d5 Ne5 9. b3 Bg4 10. O-O Bf3 11. Rb1 Qd7 12. Nf4 Bxd1 0-1


[Site "https://www.chess.com"]

[Event "Titled Tuesday Blitz April 26 Early 2022"]
[White "Samunenkov, Ihor"]
[Black "Ivic, Velimir"]
[WhiteFideId "14187086"]
[BlackFideId "950122"]
[WhiteElo "2409"]
[BlackElo "2610"]
[Result "1-0"]
[Round "07"]
[TimeControl "180+1"]
[Date "2022.04.26"]
[WhiteClock "0:00:04"]
[BlackClock "0:00:03"]

1. d4 Nf6 2. c4 g6 3. Nc3 Bg7 4. e4 d6 5. h3 Nbd7 6. Bg5 e5 7. d5 h6 8. Be3 h5 9. Qd2 h4 10. Bd3 Nh5 11. Nge2 Nc5 12. Bc2 a5 13. b3 f5 14. exf5 gxf5 15. f4 exf4 16. Bd4 Be5 17. O-O-O O-O 18. Rhf1 Qg5 19. Rf2 Bd7 20. Ng1 Ng3 21. Nf3 Qe7 22. Nxe5 dxe5 23. Re1 Nce4 24. Nxe4 fxe4 25. Bxe4 exd4 26. Bc2 Qe3 27. Rxe3 dxe3 28. Qd4 exf2 29. Qxf2 Rae8 30. Qf3 Re2 31. Qc3 b6 32. d6 Rxg2 33. Qe5 c6 34. Qg5+ Kf7 35. Qe7+ Kg8 36. Qh7# 1-0


[Site "https://www.chess.com"]

[Event "Titled Tuesday Blitz April 26 Early 2022"]
[White "Sanchez Alvares, Kelvin Antonio"]
[Black "Nguyen, Hong Anh"]
[WhiteFideId "3906680"]
[BlackFideId "12406732"]
[WhiteElo "2193"]
[BlackElo "2016"]
[Result "0-1"]
[Round "07"]
[TimeControl "180+1"]
[Date "2022.04.26"]
[WhiteClock "0:00:09"]
[BlackClock "0:00:11"]

1. e4 c5 2. Nf3 Nc6 3. d4 cxd4 4. Nxd4 g6 5. c4 Nf6 6. Nc3 Bg7 7. Be3 d6 8. f3 O-O 9. Qd2 Nxd4 10. Bxd4 Be6 11. Be2 Qa5 12. Nb5 Qxd2+ 13. Kxd2 Rfc8 14. Nxa7 Rd8 15. Nb5 Rdc8 16. b3 Bd7 17. Na7 Nxe4+ 18. fxe4 Bxd4 19. Nxc8 Bxc8 20. a4 Bxa1 21. Rxa1 Bd7 22. Kc3 Bc6 23. Bd3 Ra5 24. g3 Kg7 25. Bc2 Rh5 26. h4 Re5 27. Kd4 g5 28. b4 Kg6 29. b5 Bd7 30. a5 Kh5 31. Rf1 f6 32. hxg5 Kxg5 33. Ra1 Kg4 34. Rh1 h5 35. Bd1+ Kxg3 36. Rxh5 Kf4 37. Rh4+ Kg3 38. Rh8 f5 39. Bc2 f4 40. Rd8 Bg4 41. Bd3 f3 42. a6 bxa6 43. b6 f2 44. b7 Ra5 45. b8=Q Ra3 46. Rf8 Bf3 47. Rxf3+ Kxf3 48. Qf8+ Kg2 49. Qg7+ Kf3 50. Qf7+ Kg2 51. Qg6+ Kh2 52. Ke3 f1=Q 53. e5 Qh3+ 54. Kd4 dxe5+ 55. Kc5 Qxd3 0-1


[Site "https://www.chess.com"]

[Event "Titled Tuesday Blitz April 26 Early 2022"]
[White "Sanchez, Robert"]
[Black "Reprintsev, Alexander"]
[WhiteFideId "2034360"]
[BlackFideId "14100541"]
[WhiteElo "2417"]
[BlackElo "2108"]
[Result "0-1"]
[Round "07"]
[TimeControl "180+1"]
[Date "2022.04.26"]
[WhiteClock "0:00:18"]
[BlackClock "0:01:25"]

1. Nf3 d5 2. b3 Bf5 3. Bb2 e6 4. d3 h6 5. Nbd2 Nf6 6. e3 Nbd7 7. Qe2 Nc5 8. O-O-O Be7 9. e4 Bh7 10. e5 Nfd7 11. d4 Ne4 12. Nxe4 dxe4 13. Nd2 Bg5 14. Kb1 Bxd2 15. Qxd2 Qe7 16. c4 O-O 17. Ka1 a5 18. f4 a4 19. b4 a3 20. Bc3 Nb6 21. g4 Qh4 22. Rg1 Na4 23. f5 Nxc3 24. Qxc3 Qxh2 25. Rg2 Qf4 26. f6 gxf6 27. exf6 Qxf6 28. Be2 Qg5 29. Rh1 Bg6 30. Rgh2 Kg7 31. Rxh6 Rh8 32. d5+ e5 33. Rxh8 Rxh8 34. Rxh8 Kxh8 35. Qxa3 Qd2 36. Qh3+ Kg7 37. g5 0-1


[Site "https://www.chess.com"]

[Event "Titled Tuesday Blitz April 26 Early 2022"]
[White "Sargsyan, Anna M."]
[Black "Bilych, Olexiy"]
[WhiteFideId "13308130"]
[BlackFideId "14156504"]
[WhiteElo "2271"]
[BlackElo "2176"]
[Result "0-1"]
[Round "07"]
[TimeControl "180+1"]
[Date "2022.04.26"]
[WhiteClock "0:00:09"]
[BlackClock "0:00:11"]

1. d4 Nf6 2. c4 e6 3. Nf3 d5 4. Nc3 Bb4 5. Bg5 dxc4 6. e4 c5 7. Bxc4 cxd4 8. Qa4+ Nc6 9. O-O-O Bd7 10. Nxd4 Bxc3 11. Nxc6 Bxb2+ 12. Kxb2 Qb6+ 13. Qb4 Bxc6 14. Qxb6 axb6 15. f3 Nd7 16. Rd6 O-O 17. Rhd1 Nc5 18. Be3 h6 19. g4 Rfc8 20. Ka1 Ra4 21. Be2 Kh7 22. Rd8 Rxd8 23. Rxd8 e5 24. Rc8 Ra3 25. Bf2 Ne6 26. Kb2 Ra4 27. Bd1 Ra5 28. Bb3 Kg6 29. Bxb6 Rb5 30. Be3 Nd4 31. Bxd4 exd4 32. Rf8 f6 33. Kc2 Kg5 34. Kd3 Kf4 35. Kxd4 Kxf3 36. Rf7 Re5 37. Rxg7 Rxe4+ 38. Kd3 Rxg4 39. Rf7 Be4+ 40. Kc3 Rf4 41. a4 f5 42. Bd1+ Ke3 43. a5 Rf1 44. Bb3 Rc1+ 45. Kb2 Rc5 46. Rf6 Rxa5 47. Rxh6 f4 48. Re6 Rc5 49. Ka3 f3 50. Kb4 Rc1 51. Rf6 f2 52. Bc4 Rxc4+ 53. Kxc4 Bd3+ 54. Kc5 f1=Q 55. Rxf1 Bxf1 56. Kb6 Ba6 57. h4 Kf4 58. h5 Kg5 59. h6 Kxh6 60. Kc5 Kg6 0-1


[Site "https://www.chess.com"]

[Event "Titled Tuesday Blitz April 26 Early 2022"]
[White "Schekachikhin, Maksim"]
[Black "D`Arruda, Ricardo D."]
[WhiteFideId "24177830"]
[BlackFideId "100692"]
[WhiteElo "2230"]
[BlackElo "2415"]
[Result "1-0"]
[Round "07"]
[TimeControl "180+1"]
[Date "2022.04.26"]
[WhiteClock "0:01:19"]
[BlackClock "0:00:51"]

1. d4 Nf6 2. c4 e5 3. dxe5 Ne4 4. Nf3 Nc6 5. e3 d6 6. Bd3 Nc5 7. exd6 Qxd6 8. Bc2 Qxd1+ 9. Kxd1 Be6 10. Nbd2 O-O-O 11. Ke2 Nb4 12. Bb1 Be7 13. a3 Nbd3 14. b4 Nxc1+ 15. Rxc1 Na4 16. Nd4 Bf6 17. N2f3 Bg4 18. Bc2 Nc3+ 19. Kd3 b6 20. b5 Ne2 21. Kxe2 Bxd4 22. exd4 Rxd4 23. Bf5+ Kb7 24. Bxg4 Re8+ 25. Kf1 Rxg4 26. c5 1-0


[Site "https://www.chess.com"]

[Event "Titled Tuesday Blitz April 26 Early 2022"]
[White "Seo, Jung Min"]
[Black "Buchenau, Frank"]
[WhiteFideId "1734687"]
[BlackFideId "4604350"]
[WhiteElo "2401"]
[BlackElo "2193"]
[Result "1/2-1/2"]
[Round "07"]
[TimeControl "180+1"]
[Date "2022.04.26"]
[WhiteClock "0:01:59"]
[BlackClock "0:00:18"]

1. e4 e6 2. d4 d5 3. Nc3 Nf6 4. e5 Nfd7 5. f4 c5 6. Nf3 Nc6 7. Be3 a6 8. Qd2 b5 9. Be2 Qb6 10. a3 Bb7 11. Rd1 cxd4 12. Nxd4 Bc5 13. O-O O-O 14. Kh1 Rac8 15. Rf3 Nxd4 16. Bxd4 Bxd4 17. Qxd4 Qxd4 18. Rxd4 f6 19. exf6 gxf6 20. Kg1 e5 21. fxe5 fxe5 22. Rh4 d4 23. Rg3+ Kh8 24. Bd3 Nf6 25. Ne4 Nxe4 26. Bxe4 Bxe4 27. Rxe4 Rxc2 28. h4 Rg8 29. Rxg8+ Kxg8 30. Rxe5 d3 31. Rd5 d2 32. Kf1 Rxb2 33. Ke2 d1=Q+ 34. Kxd1 Rxg2 35. Rd6 a5 36. Rb6 Rb2 37. Kc1 Rb3 38. Kd2 Kg7 39. h5 b4 40. axb4 axb4 41. h6+ Kf7 42. Ke2 Rb2+ 43. Kd3 b3 44. Kc3 Rb1 45. Ra6 Rg1 46. Kxb3 Rg6 47. Ra7+ Kg8 48. Kc4 Rxh6 49. Kd5 Rg6 50. Ke5 h5 51. Kf5 Rg7 52. Ra8+ Kh7 53. Kf6 Rg6+ 54. Kf5 h4 55. Ra4 Rh6 56. Kg4 h3 57. Ra1 h2 58. Rh1 Kg6 59. Kg3 Kg5 60. Rxh2 Rxh2 61. Kxh2 1/2-1/2


[Site "https://www.chess.com"]

[Event "Titled Tuesday Blitz April 26 Early 2022"]
[White "Sharapov, Evgeny"]
[Black "Okike, David"]
[WhiteFideId "14103133"]
[BlackFideId "8500134"]
[WhiteElo "2367"]
[BlackElo "2232"]
[Result "1-0"]
[Round "07"]
[TimeControl "180+1"]
[Date "2022.04.26"]
[WhiteClock "0:01:28"]
[BlackClock "0:01:18"]

1. e4 c5 2. Nf3 Nc6 3. d4 cxd4 4. Nxd4 Nf6 5. Nc3 d6 6. g3 g6 7. Nde2 Bg7 8. Bg2 O-O 9. O-O Bd7 10. a4 a6 11. Nd5 Nxd5 12. exd5 Na5 13. Ra2 b5 14. axb5 axb5 15. b3 Nb7 16. Rxa8 Qxa8 17. b4 Qa2 18. c3 Rc8 19. Bd2 Nd8 20. Re1 e5 21. Nc1 Qc4 22. Qb3 f5 23. Qxc4 Rxc4 24. Nb3 e4 25. Bf1 Rc7 26. Nd4 Bxd4 27. cxd4 Rc2 28. Bf4 Nf7 29. Rc1 Rxc1 30. Bxc1 Kf8 31. Be2 Ke7 32. Kf1 Nd8 33. h4 Be8 34. Bg5+ Kf7 35. Bxd8 1-0


[Site "https://www.chess.com"]

[Event "Titled Tuesday Blitz April 26 Early 2022"]
[White "Shtyka, Sergey"]
[Black "Halvax, Georg"]
[WhiteFideId "4138465"]
[BlackFideId "1619543"]
[WhiteElo "2014"]
[BlackElo "2403"]
[Result "0-1"]
[Round "07"]
[TimeControl "180+1"]
[Date "2022.04.26"]
[WhiteClock "0:00:03"]
[BlackClock "0:00:46"]

1. e4 c5 2. Nf3 Nc6 3. d4 cxd4 4. Nxd4 g6 5. Nc3 Bg7 6. Nb3 Nf6 7. Be2 O-O 8. O-O d6 9. Be3 a6 10. a4 Be6 11. f3 Rc8 12. Nd4 Nxd4 13. Bxd4 Bc4 14. Qd2 Bxe2 15. Nxe2 Qd7 16. c3 Rfd8 17. Rfd1 Qc6 18. a5 e5 19. Bb6 Rd7 20. c4 Ne8 21. b3 Bf6 22. Nc3 Bd8 23. Bxd8 Rdxd8 24. Nd5 Kg7 25. Qb4 Qc5+ 26. Qxc5 dxc5 27. Kf2 Nf6 28. Ke3 Nxd5+ 29. cxd5 c4 30. b4 Rd6 31. Rdc1 b5 32. axb6 Rxb6 33. Rc3 h5 34. Ra4 g5 35. g3 Kg6 36. h3 Rc7 37. Ra5 Rxb4 38. Rxa6+ f6 39. Rc6 Ra7 40. R6xc4 Rb2 41. Rc2 Rb1 42. Kf2 Raa1 43. d6 Rd1 44. Ke2 Rxd6 45. Rd2 Rxd2+ 46. Kxd2 Rh1 47. g4 h4 48. Ke3 Rxh3 49. Rc8 Rh2 50. Rg8+ Kf7 51. Rh8 Kg7 52. Re8 Ra2 53. Re7+ Kg6 54. Rc7 h3 55. Rc1 h2 56. Rh1 Rg2 57. Kd3 Kf7 58. Ke3 Ke7 59. Kd3 Kd6 60. Ke3 Kc5 61. Kd3 Kb4 62. Ke3 Kc3 63. f4 exf4+ 64. Kf3 Rg3+ 65. Kf2 Rxg4 66. Rxh2 Kd4 67. Kf3 Rg3+ 68. Kf2 Kxe4 69. Rh1 Re3 70. Ra1 g4 71. Kf1 Rb3 72. Ra4+ Kf3 73. Ra1 g3 74. Kg1 Kg4 75. Kh1 f3 76. Rc1 Kh3 77. Rd1 Rb2 78. Re1 Rh2+ 79. Kg1 f2+ 80. Kf1 Rh1+ 81. Ke2 fxe1=Q+ 82. Kf3 Rf1# 0-1


[Site "https://www.chess.com"]

[Event "Titled Tuesday Blitz April 26 Early 2022"]
[White "Sihite, Chelsie Monica Ignesias"]
[Black "Piliczewski, Bogusz"]
[WhiteFideId "7101198"]
[BlackFideId "1104144"]
[WhiteElo "2224"]
[BlackElo "1896"]
[Result "1-0"]
[Round "07"]
[TimeControl "180+1"]
[Date "2022.04.26"]
[WhiteClock "0:02:04"]
[BlackClock "0:00:42"]

1. c4 c6 2. g3 d5 3. cxd5 cxd5 4. Nf3 Nf6 5. Bg2 Bf5 6. O-O Nc6 7. d3 h6 8. Bf4 e6 9. Nbd2 Be7 10. Be5 Nxe5 11. Nxe5 O-O 12. Rc1 Rc8 13. Qb3 Rxc1 14. Rxc1 Qb8 15. d4 Rc8 16. Rc3 Bd6 17. f4 Rxc3 18. bxc3 Qc7 19. c4 Ne4 20. Bxe4 Bxe4 21. Nxe4 Bxe5 22. fxe5 dxe4 23. c5 Qc6 24. Kf2 b6 25. cxb6 axb6 26. Ke3 f5 27. exf6 gxf6 28. Qb1 f5 29. Qb3 Kf7 30. Qb2 Ke7 31. Qb4+ Kf7 32. Qa3 h5 33. Qa7+ Kf6 34. Kf2 Qd6 35. Qa4 e5 36. dxe5+ Kxe5 37. Qe8+ Qe6 38. Qxh5 Qxa2 39. Qh8+ Ke6 40. Qg8+ 1-0


[Site "https://www.chess.com"]

[Event "Titled Tuesday Blitz April 26 Early 2022"]
[White "Silvestre, Christian"]
[Black "Martin Carmona, Gaston Manuel"]
[WhiteFideId "30956269"]
[BlackFideId "22284567"]
[WhiteElo "2333"]
[BlackElo "2146"]
[Result "1-0"]
[Round "07"]
[TimeControl "180+1"]
[Date "2022.04.26"]
[WhiteClock "0:00:17"]
[BlackClock "0:00:20"]

1. d4 Nf6 2. Nf3 g6 3. Nc3 Bg7 4. e4 d6 5. h3 O-O 6. Be2 Nbd7 7. O-O c6 8. Be3 e5 9. Qd2 Qc7 10. Rfe1 exd4 11. Bxd4 Re8 12. Bd3 Ne5 13. Nxe5 dxe5 14. Be3 Be6 15. Qe2 Bf8 16. Rad1 Nd7 17. Bc4 a5 18. Bxe6 Rxe6 19. Qc4 b5 20. Nxb5 Qb7 21. Nc3 Nf6 22. Na4 Rb8 23. Bc5 Qb5 24. Qxb5 cxb5 25. Bxf8 Kxf8 26. Nc3 b4 27. Nd5 Rc8 28. c3 Nxd5 29. exd5 Rd6 30. cxb4 axb4 31. Re4 b3 32. axb3 Rc2 33. Rxe5 Rxb2 34. Re3 Kg7 35. Rc3 Kf6 36. Rc6 Ke7 37. Rc7+ Kf6 38. Rd3 Ke5 39. Rxf7 h5 40. Re7+ Kf6 41. Re1 Kf7 42. f3 Ra6 43. Kh2 Raa2 44. Rg1 Rd2 45. Rxd2 Rxd2 46. Rb1 h4 47. b4 Rxd5 48. b5 Rd7 49. b6 Rb7 50. Rb4 g5 51. Kg1 Kf6 52. Kf2 Kf5 53. Ke3 Ke5 54. Rb5+ Kf6 55. Ke4 Kg6 56. f4 gxf4 57. Kxf4 1-0


[Site "https://www.chess.com"]

[Event "Titled Tuesday Blitz April 26 Early 2022"]
[White "Simonovic, Miroslav"]
[Black "Gatterer, Florian"]
[WhiteFideId "919152"]
[BlackFideId "811688"]
[WhiteElo "2043"]
[BlackElo "2218"]
[Result "0-1"]
[Round "07"]
[TimeControl "180+1"]
[Date "2022.04.26"]
[WhiteClock "0:00:12"]
[BlackClock "0:00:50"]

1. d4 Nf6 2. Bg5 d5 3. Bxf6 gxf6 4. e3 c5 5. c4 cxd4 6. Qxd4 Qa5+ 7. Nc3 dxc4 8. Bxc4 Nc6 9. Qd5 e6 10. Qxa5 Nxa5 11. Bb5+ Nc6 12. Nge2 Bc5 13. O-O-O Bd7 14. Rd2 Ke7 15. Rhd1 Rhd8 16. a3 a6 17. Bxc6 Bxc6 18. Rxd8 Rxd8 19. Rxd8 Kxd8 20. g3 f5 21. Nd4 Bd7 22. b4 Bb6 23. Nf3 Ke7 24. Kd2 Kf6 25. h4 Bc6 26. Nd4 Bg2 27. Nce2 e5 28. Nb3 Bf3 29. Nc3 Bc6 30. a4 h5 31. b5 Bf3 32. Kd3 f4 33. gxf4 exf4 34. Ne4+ Ke5 35. Ned2 Bd5 36. exf4+ Kxf4 37. bxa6 bxa6 38. Nd4 Kg4 39. Ne4 Bxe4+ 40. Kxe4 Bxd4 41. Kxd4 Kxh4 42. Kc5 Kg4 43. Kb6 h4 44. Kxa6 h3 45. Kb7 h2 46. a5 h1=Q+ 47. Kb8 Qd5 48. a6 Kf3 49. a7 Kxf2 50. a8=Q Qxa8+ 51. Kxa8 f5 52. Kb7 f4 53. Kc6 f3 54. Kd5 Ke3 55. Ke5 f2 56. Kf5 f1=Q+ 57. Ke5 Qf2 58. Kd5 Qf3+ 59. Ke5 Qf4+ 60. Ke6 Ke4 61. Kd7 0-1


[Site "https://www.chess.com"]

[Event "Titled Tuesday Blitz April 26 Early 2022"]
[White "Sirosh, Ilja"]
[Black "Sarkar, Justin"]
[WhiteFideId "4500458"]
[BlackFideId "2010011"]
[WhiteElo "2241"]
[BlackElo "2038"]
[Result "1-0"]
[Round "07"]
[TimeControl "180+1"]
[Date "2022.04.26"]
[WhiteClock "0:00:16"]
[BlackClock "0:00:02"]

1. e4 c5 2. Nf3 d6 3. d4 cxd4 4. Nxd4 Nf6 5. Nc3 a6 6. Bc4 b5 7. Bd5 Nxd5 8. exd5 Bb7 9. O-O b4 10. Ne4 Bxd5 11. Re1 e6 12. Nf5 Bxe4 13. Rxe4 d5 14. Bg5 Qd7 15. Re2 Nc6 16. Qd3 f6 17. Bh4 Kf7 18. Nd4 Nxd4 19. Qxd4 Rc8 20. Rae1 e5 21. Qb6 Qc6 22. Qe3 Bc5 23. Qh3 Rc7 24. Qf5 Qe6 25. Qh5+ g6 26. Qh6 Qf5 27. Qd2 Rd8 28. h3 Rdd7 29. g4 Qf4 30. Qd3 e4 31. Qxa6 Qf3 32. Re3 Bxe3 33. Rxe3 Qf4 34. Bg3 Qg5 35. Bxc7 Rxc7 36. Qd6 Rxc2 37. Qd7+ Kg8 38. Qe6+ Kg7 39. Qe7+ Kh6 40. Qf8# 1-0


[Site "https://www.chess.com"]

[Event "Titled Tuesday Blitz April 26 Early 2022"]
[White "Sovetbekova, Nurai"]
[Black "Ronka, Erik"]
[WhiteFideId "13801910"]
[BlackFideId "505080"]
[WhiteElo "1538"]
[BlackElo "2264"]
[Result "0-1"]
[Round "07"]
[TimeControl "180+1"]
[Date "2022.04.26"]
[WhiteClock "0:00:02"]
[BlackClock "0:00:40"]

1. d4 d5 2. c4 c6 3. Nf3 Nf6 4. g3 dxc4 5. Bg2 g6 6. O-O Bg7 7. a4 O-O 8. Na3 c5 9. Nxc4 Nc6 10. dxc5 Be6 11. Nce5 Nxe5 12. Nxe5 Qc7 13. Nd3 Rad8 14. Bf4 Qc8 15. Qc2 Nd5 16. Be5 Nb4 17. Nxb4 Bxe5 18. Nd3 Bd4 19. c6 Qc7 20. Rac1 bxc6 21. Qxc6 Qb8 22. Qc7 Qb3 23. Qxe7 Qxa4 24. Ra1 Qb5 25. Nf4 Rfe8 26. Qh4 Bc4 27. Rfc1 Rc8 28. Nd3 Bxd3 29. exd3 Qxb2 30. Qf4 Rxc1+ 31. Rxc1 Bxf2+ 32. Kh1 Bb6 33. Rf1 Qb3 34. Qg5 Qxd3 35. Qf6 Qd7 36. Bh3 Qe7 0-1


[Site "https://www.chess.com"]

[Event "Titled Tuesday Blitz April 26 Early 2022"]
[White "Steil-Antoni, Fiona"]
[Black "Bachmann, Axel"]
[WhiteFideId "4001249"]
[BlackFideId "3700488"]
[WhiteElo "2059"]
[BlackElo "2587"]
[Result "1-0"]
[Round "07"]
[TimeControl "180+1"]
[Date "2022.04.26"]
[WhiteClock "0:00:18"]
[BlackClock "0:00:01"]

1. e4 c5 2. Nc3 d6 3. f4 g6 4. Nf3 Bg7 5. Bc4 e6 6. d3 Ne7 7. O-O O-O 8. Qe1 Nbc6 9. f5 gxf5 10. Qh4 fxe4 11. dxe4 Ng6 12. Qh5 Nd4 13. Bg5 f6 14. Bh6 Qe7 15. Nxd4 cxd4 16. Ne2 Ne5 17. Bb3 Qf7 18. Qxf7+ Kxf7 19. Bxg7 Kxg7 20. Nxd4 Kf7 21. Nb5 Ke7 22. Rad1 Rd8 23. Rf4 a6 24. Nd4 Rf8 25. Rh4 Rf7 26. a4 Bd7 27. a5 Rg8 28. Kf1 Rfg7 29. Rd2 Rc8 30. c3 Nc6 31. Nxc6+ Bxc6 32. Bc2 Rf8 33. Rf4 Rg5 34. b4 Re5 35. Rdf2 Rf7 36. g3 Bb5+ 37. Kg2 Bc6 38. Kg1 Bd7 39. Bd3 Bc6 40. Kf1 d5 41. exd5 Bxd5 42. c4 Bc6 43. Re2 Rxe2 44. Kxe2 e5 45. Rf2 Bd7 46. Ke3 Be6 47. b5 axb5 48. cxb5 Kd6 49. Rc2 f5 50. a6 bxa6 51. bxa6 f4+ 52. gxf4 exf4+ 53. Kf2 Bd5 54. Rd2 Ke5 55. Rb2 Rg7 56. Bf1 h5 57. Rb5 Rd7 58. Bc4 1-0


[Site "https://www.chess.com"]

[Event "Titled Tuesday Blitz April 26 Early 2022"]
[White "Stelmaszyk, Nico"]
[Black "Padmini, Rout"]
[WhiteFideId "16200462"]
[BlackFideId "5029295"]
[WhiteElo "2119"]
[BlackElo "2181"]
[Result "1-0"]
[Round "07"]
[TimeControl "180+1"]
[Date "2022.04.26"]
[WhiteClock "0:00:28"]
[BlackClock "0:00:35"]

1. d4 Nf6 2. c4 e5 3. dxe5 Ng4 4. Nf3 Nc6 5. Bf4 Bb4+ 6. Bd2 Bc5 7. e3 Ngxe5 8. Bc3 d6 9. Nxe5 dxe5 10. Qxd8+ Kxd8 11. Nd2 Ke7 12. Ne4 Bb4 13. a3 Bxc3+ 14. Nxc3 Be6 15. b4 Rad8 16. Be2 f5 17. Rd1 e4 18. Rd2 Ne5 19. c5 c6 20. Kd1 a5 21. Rxd8 Rxd8+ 22. Kc2 axb4 23. axb4 Bc4 24. Bxc4 Nxc4 25. Rd1 Rxd1 26. Kxd1 Ne5 27. Ke2 Nd3 28. f3 exf3+ 29. Kxd3 fxg2 30. Ne2 Ke6 31. e4 g5 32. exf5+ Kxf5 33. Ke3 Ke5 34. Kf2 Kd5 35. Ng3 Kc4 36. Ne4 Kxb4 37. Kxg2 h6 38. Kf3 Kc4 39. Kg4 Kd5 40. Nd6 Kxc5 41. Nxb7+ Kd5 42. Kh5 c5 43. Kxh6 c4 44. Na5 c3 45. Kxg5 c2 46. Nb3 Kc4 47. Nc1 Kc3 48. h4 Kd2 49. Na2 Kd3 50. h5 Kc4 51. h6 Kb3 52. Nc1+ Kb2 53. Ne2 Kb3 54. h7 Kc4 55. h8=Q Kd3 56. Qc3+ Kxe2 57. Qxc2+ Ke3 58. Qf5 Kd4 59. Qf6+ Kc4 60. Qg6 Kd5 61. Qg7 Ke4 62. Qh7+ Kd5 63. Qh6 Ke5 64. Qh5 Ke4 65. Qh4+ Ke5 66. Qf4+ Kd5 67. Kg4 Ke6 68. Qf5+ Kd6 69. Kg5 Ke7 70. Qf6+ Kd7 71. Kg6 Ke8 72. Qf7+ Kd8 73. Kf6 Kc8 74. Ke6 Kd8 75. Kd6 Kc8 76. Qc7# 1-0


[Site "https://www.chess.com"]

[Event "Titled Tuesday Blitz April 26 Early 2022"]
[White "Stevens, Christian"]
[Black "Kotepalli, Sai Nirupama"]
[WhiteFideId "2604450"]
[BlackFideId "5039444"]
[WhiteElo "2533"]
[BlackElo "2399"]
[Result "1-0"]
[Round "07"]
[TimeControl "180+1"]
[Date "2022.04.26"]
[WhiteClock "0:01:59"]
[BlackClock "0:01:25"]

1. Nf3 g6 2. c4 Bg7 3. Nc3 Nf6 4. e4 d6 5. d4 O-O 6. Be2 c6 7. O-O Nfd7 8. Be3 Qc7 9. Rc1 a6 10. Qd2 e5 11. d5 c5 12. Bh6 Nf6 13. Ne1 Ne8 14. a4 Nd7 15. Nd3 b6 16. Kh1 Nb8 17. Bxg7 Nxg7 18. f4 Nd7 19. f5 f6 20. fxg6 hxg6 21. Qh6 Kf7 22. Rf2 Rg8 23. Rcf1 Qd8 24. Bg4 f5 25. exf5 g5 26. f6 1-0


[Site "https://www.chess.com"]

[Event "Titled Tuesday Blitz April 26 Early 2022"]
[White "Stromboli, Ettore"]
[Black "Johnson, Ben"]
[WhiteFideId "813761"]
[BlackFideId "2010917"]
[WhiteElo "2414"]
[BlackElo "2192"]
[Result "0-1"]
[Round "07"]
[TimeControl "180+1"]
[Date "2022.04.26"]
[WhiteClock "0:00:10"]
[BlackClock "0:00:04"]

1. e4 c5 2. Nf3 Nc6 3. d4 cxd4 4. Nxd4 Nf6 5. Nc3 e5 6. Ndb5 d6 7. Bg5 a6 8. Bxf6 gxf6 9. Na3 b5 10. Nd5 Bg7 11. Bd3 Ne7 12. Nxe7 Qxe7 13. c4 f5 14. Qf3 O-O 15. O-O d5 16. cxd5 fxe4 17. Bxe4 Qe8 18. d6 Ra7 19. Bc6 Bd7 20. Rad1 Bxc6 21. Qe3 Rd7 22. Qb6 Qa8 23. f3 Qa7 24. Qxa7 Rxa7 25. Nc2 f5 26. Nb4 Rc8 27. Rc1 Bd7 28. Rxc8+ Bxc8 29. Nc6 Ra8 30. Rc1 Bd7 31. Ne7+ Kf7 32. Rc7 Ke6 33. Nxf5 Kxf5 34. Rxd7 Bf6 35. b3 h6 36. Rc7 Rd8 37. d7 Be7 38. Kf1 a5 39. Ke2 a4 40. Rb7 axb3 41. axb3 b4 42. g4+ Ke6 43. Rb6+ Bd6 44. Ke3 Rxd7 45. Ke4 Rc7 46. h4 Rc3 47. g5 hxg5 48. hxg5 Rxb3 49. g6 Rb1 50. g7 Rg1 51. Rb7 Rg2 52. Ke3 Be7 53. Ke4 Rxg7 54. f4 exf4 55. Ra7 Rg1 56. Kxf4 Rc1 57. Ke4 b3 58. Rb7 Rb1 59. Kd3 Bd6 60. Kc3 Be5+ 61. Kd3 Kf5 62. Rf7+ Ke6 63. Rf8 b2 64. Re8+ Kd6 65. Rd8+ Ke7 66. Ra8 Re1 67. Ra7+ Ke6 68. Ra8 b1=Q+ 69. Kc4 Qc1+ 70. Kb5 Qb2+ 71. Kc4 Rc1+ 72. Kd3 Qc2+ 73. Ke3 Re1+ 74. Kf3 Qe2# 0-1


[Site "https://www.chess.com"]

[Event "Titled Tuesday Blitz April 26 Early 2022"]
[White "Svane, Rasmus"]
[Black "Donchenko, Alexander"]
[WhiteFideId "4657101"]
[BlackFideId "24603295"]
[WhiteElo "2645"]
[BlackElo "2539"]
[Result "0-1"]
[Round "07"]
[TimeControl "180+1"]
[Date "2022.04.26"]
[WhiteClock "0:00:03"]
[BlackClock "0:00:26"]

1. Nf3 Nf6 2. g3 b5 3. Bg2 Bb7 4. d4 e6 5. Bg5 Be7 6. Qd3 a6 7. a4 b4 8. a5 O-O 9. Bxf6 Bxf6 10. Ng5 Bxg5 11. Bxb7 Ra7 12. Be4 d5 13. Bg2 c5 14. dxc5 Qc7 15. O-O Qxc5 16. e4 dxe4 17. Bxe4 Rd8 18. Qe2 Nc6 19. c3 b3 20. Bxc6 Qxc6 21. Na3 Rd2 22. Qc4 Qxc4 23. Nxc4 Rc2 24. Ra4 Rb7 25. Rb1 g6 26. Na3 Rd2 27. Nc4 Rc2 28. Na3 Rd7 29. f4 Be7 30. Nxc2 bxc2 31. Rf1 Bc5+ 32. Kg2 Rd1 33. Ra1 Rxa1 34. Rxa1 Be3 35. b4 c1=Q 36. Rxc1 Bxc1 37. b5 axb5 38. Kf3 Ba3 39. Ke4 Bc5 40. Kd3 Kf8 41. c4 b4 42. Kc2 Ke7 0-1


[Site "https://www.chess.com"]

[Event "Titled Tuesday Blitz April 26 Early 2022"]
[White "Tasev, Dejan"]
[Black "Daneshvar, Bardiya"]
[WhiteFideId "936618"]
[BlackFideId "12576468"]
[WhiteElo "2253"]
[BlackElo "2330"]
[Result "0-1"]
[Round "07"]
[TimeControl "180+1"]
[Date "2022.04.26"]
[WhiteClock "0:00:27"]
[BlackClock "0:01:51"]

1. e4 e6 2. d4 d5 3. Nc3 Bb4 4. exd5 exd5 5. Bd3 Nc6 6. Be3 Nge7 7. Qf3 O-O 8. a3 Bxc3+ 9. bxc3 Ng6 10. Qh5 f5 11. Nf3 Qf6 12. g3 Bd7 13. Ng5 h6 14. Nh3 Rae8 15. O-O Nd8 16. Rae1 Ne6 17. f4 a6 18. Kh1 Bb5 19. Ng1 c5 20. Nf3 c4 21. Be2 Ba4 22. Bd1 Re7 23. Ne5 Nxe5 24. fxe5 Qf7 25. Qh3 Be8 26. Rf2 Nd8 27. Ref1 Bd7 28. Qg2 Qg6 29. Qxd5+ Kh7 30. Qxc4 Ne6 31. d5 Ng5 32. Bd4 f4 33. Rxf4 Rxf4 34. Rxf4 Nh3 35. Rf1 Bb5 0-1


[Site "https://www.chess.com"]